 Dungeon Crawl Stone Soup version 0.30-a0-1018-g25214051b3 (webtiles) character file.

Game seed: 9204152631355741935

266 Newt the Shooter (level 6, -2/40 HPs)
             Began as a Kobold Hunter on Apr 7, 2023.
             Succumbed to a kobold brigand's poison
             ... on level 3 of the Dungeon.
             The game lasted 00:02:09 (2571 turns).

Newt the Shooter (Kobold Hunter)                    Turns: 2571, Time: 00:02:10

Health: -2/40      AC:  6    Str: 14    XL:     6   Next: 44%
Magic:  6/6        EV: 15    Int: 17    God:
Gold:   199        SH:  0    Dex: 20    Spells: 5/5 levels left

rFire   . . .      SeeInvis .    a - +0 shortbow
rCold   . . .      Faith    .    (shield currently unavailable)
rNeg    . . .      Spirit   .    c - +0 leather armour
rPois   .          Reflect  .    (no helmet)
rElec   .          Rampage  .    m - +0 cloak
rCorr   .                        n - +1 pair of gloves
Will    .....                    (no boots)
Stlth   +++                      (no amulet)
HPRegen 0.26/turn                g - +6 ring of strength
MPRegen 0.10/turn                j - +6 ring of intelligence

@: lethally poisoned (-2 -> -29)
A: small, no large weapons, nightstalker 3
a: no special abilities


You were on level 3 of the Dungeon.
You visited 1 branch of the dungeon, and saw 3 of its levels.

You collected 199 gold pieces.

Inventory:

Hand Weapons
 a - a +0 shortbow (weapon)
Armour
 c - a +0 leather armour (worn)
 m - a +0 cloak (worn)
 n - a +1 pair of gloves (worn)
Jewellery
 e - a ring of magical power
 g - a +6 ring of strength (left hand)
 j - a +6 ring of intelligence (right hand)
Scrolls
 b - 2 scrolls of immolation
 k - 2 scrolls of teleportation
 p - a scroll of identify
Potions
 d - 3 potions of might
 f - a potion of mutation {unknown}
 h - 2 potions of brilliance
 i - a potion of curing
 l - a potion of haste {unknown}
 o - a potion of lignification {unknown}


   Skills:
 - Level 5.0 Fighting
 + Level 7.9 Ranged Weapons
 - Level 2.4 Dodging
 - Level 1.3 Stealth


You had 5 spell levels left.
You didn't know any spells.
Your spell library contained the following spells:

 Spells                   Type           Power      Damage    Failure   Level
 Cigotuvi's Dreadful Rot  Necr/Pois/Air  0%         N/A       41%         2
 Sublimation of Blood     Necr           0%         N/A       41%         2
 Dispel Undead            Necr           0%         3d6       96%         4
 Petrify                  Tmut/Erth      0%         N/A       96%         4
 Irradiate                Conj/Tmut      0%         3d11      100%        5
 Death Channel            Necr           0%         N/A       100%        6


Dungeon Overview and Level Annotations

Branches:
Dungeon (3/15)

Altars:
Gozag
Ru
Wu Jian

Annotations:
D:3 voltaire321's ghost, amateur OpEE


Innate Abilities, Weirdness & Mutations

You are small and have problems with some larger weapons.
You are completely attuned to the shadows.


Message History

The kobold hits you with a +3 short sword of venom.
Unknown command.
You shoot an arrow. The arrow hits the kobold!
You kill the kobold!
You shoot an arrow. The arrow hits the kobold brigand!
The kobold brigand is moderately wounded.
The kobold brigand hits you with a +3 short sword of venom.
You are poisoned.
You shoot an arrow.
The arrow closely misses the kobold brigand.
The arrow closely misses the kobold.
The arrow barely misses the kobold.
You feel very sick. The kobold brigand barely misses you.
You shoot an arrow.
The arrow barely misses the kobold brigand.
The arrow closely misses the kobold.
The arrow hits the kobold.
You kill the kobold!
You feel sick.
The kobold brigand hits you but does no damage.
You are more poisoned.
You shoot an arrow. The arrow hits the kobold brigand!
The kobold brigand is severely wounded.
You feel very sick.
The kobold brigand hits you with a +3 short sword of venom.
You are lethally poisoned!
The kobold brigand barely misses you.
Unknown command.
You shoot an arrow.
The arrow closely misses the kobold brigand.
The arrow closely misses the kobold.
The arrow barely misses the kobold.
* * * LOW HITPOINT WARNING * * *
You feel very sick.
The kobold brigand hits you with a +3 short sword of venom.
* * * LOW HITPOINT WARNING * * *
You are more poisoned.
You shoot an arrow.
The arrow barely misses the kobold brigand.
The arrow hits the kobold.
The kobold is moderately wounded.
You die...

...# ###### .♣.# ###.#..###
.♣.### ############.....##K⌠.
.♣...# #............###.#.#.#
.♣.#.###.##############.'..#K
.♣.......# #.K.K...
....#.########## #.#.KK$#.
♣♣.##..........######.#.#W#.#
...##.########..@KKK....##K⌠K###
###...################...### #.#
###.##.......# #...### #.##
....##.......# ###...###...
..####.....>.# ########..##...
......####.### #.....###......
......(###.# #.....######)..
..†.....##.## #......### #.÷.
........##..# #........###.##


You could see a kobold brigand and 2 kobolds.

Vanquished Creatures
  A centaur (D:3)
  Crazy Yiuf (D:2)
  Jessica (D:2)
  2 iguanas
  2 adders
  A worm (D:2)
  A dart slug (D:2)
  An orc (D:3)
  5 bats
  5 endoplasms
  4 giant cockroaches
  2 goblins
  2 hobgoblins
  8 jackals (D:1)
  3 quokkas
  4 ball pythons
  3 frilled lizards
  11 kobolds
  5 rats
62 creatures vanquished.

Notes
Turn   | Place    | Note
-------+----------+-------------------------------------------
     0 | D:1      | Newt the Kobold Hunter began the quest for the Orb.
     0 | D:1      | Reached XP level 1. HP: 12/12 MP: 1/1
   184 | D:1      | Reached XP level 2. HP: 18/18 MP: 2/2
   635 | D:1      | Reached XP level 3. HP: 23/23 MP: 3/3
   774 | D:2      | Found a runed translucent door.
   777 | D:2      | Noticed Crazy Yiuf
   990 | D:2      | Noticed Jessica
   993 | D:2      | Killed Jessica
   994 | D:2      | Reached XP level 4. HP: 30/30 MP: 4/4
  1025 | D:2      | Identified the +2 leather armour of Narcissism {Str+7}
  1136 | D:2      | Reached skill level 5 in Fighting
  1136 | D:2      | Reached XP level 5. HP: 19/35 MP: 5/5
  1501 | D:2      | Killed Crazy Yiuf
  1502 | D:2      | Reached skill level 6 in Ranged Weapons
  1758 | D:3      | Found an ornate altar of the Wu Jian Council.
  1758 | D:3      | Found an opulent altar of Gozag.
  1846 | D:3      | Found a sacrificial altar of Ru.
  1973 | D:3      | Found a runed translucent gate.
  1974 | D:3      | Found a runed translucent gate.
  1974 | D:3      | Found a runed translucent gate.
  1974 | D:3      | Noticed a kobold brigand
  1975 | D:3      | Noticed voltaire321's ghost (amateur OpEE)
  2061 | D:3      | Noticed a centaur
  2064 | D:3      | Killed a centaur
  2065 | D:3      | Reached skill level 7 in Ranged Weapons
  2065 | D:3      | Reached XP level 6. HP: 25/40 MP: 6/6
  2571 | D:3      | Succumbed to a kobold brigand's poison

Illustrated notes

Levels and vault maps discovered:
D:1:      onia_arrival_pentagram, layout_basic, minmay_curled_crystal
D:2:      layout_rooms, minivault_19, kennysheep_cluttered_room, nrook_uturn,
          uniq_crazy_yiuf_cottage, uniq_jessica
D:3:      minmay_spotlight, layout_rooms, mainiacjoe_overflow_cross_hatched,
          nicolae_overflow_two_pavilions, gammafunk_ghost_nasty_kobolds

Skill      XL: |  1  2  3  4  5 |
---------------+----------------+-----
Fighting       | 3 4 5 |  5.0
Ranged Weapons | 7 |  7.9
Dodging        | |  2.4
Stealth        | |  1.3

Action                     |  1- 3 |  4- 6 || total
---------------------------+-------+-------++-------
   Fire: Shortbow          |    90 |    96 ||   186
    Use: Scroll            |       |     4 ||     4
         Potion            |       |     2 ||     2
 Armour: Leather armour    |    10 |    16 ||    26
  Dodge: Dodged            |    52 |    44 ||    96

Table legend: (Time is in decaauts)
 A = Elapsed time spent in this place.
 B = Non-inter-level travel time spent in this place.
 C = Inter-level travel time spent in this place.
 D = Time resting spent in this place.
 E = Time spent auto-exploring this place.
 F = Levels seen in this place.
 G = Mean time per level.
                   A        B        C        D        E       F      G
               +--------+--------+--------+--------+--------+-----+--------+
         Total |   2615 |   2574 |     41 |    207 |   2008 |   3 |  871.7 |
       Dungeon |   2615 |   2574 |     41 |    207 |   2008 |   3 |  871.7 |
               +--------+--------+--------+--------+--------+-----+--------+

Top non-repeatable levels by time:
     D:3: 1050 daAuts
     D:2: 807 daAuts
     D:1: 758 daAuts
